 Dungeon Crawl Stone Soup version 0.25.0 (webtiles) character file.

Game seed: 1038330218941841888

2229 BlaiseRascal the Frost Mage (level 9, -1/62 HPs)
             Began as a Ghoul Ice Elementalist on June 12, 2020.
             Was an Initiate of Vehumet.
             Slain by a wight
             ... wielding a +0 mace
              (8 damage)
             ... on level 8 of the Dungeon on June 13, 2020.
             The game lasted 00:35:25 (8780 turns).

BlaiseRascal the Frost Mage (GhIE)                  Turns: 8780, Time: 00:35:25

Health: -1/62      AC:  6    Str: 15    XL:     9   Next: 36%
Magic:  14/18      EV: 12    Int: 17    God:    Vehumet [......]
Gold:   333        SH:  0    Dex:  5    Spells: 10/22 levels left

rFire    . . .     SeeInvis .   z - +1 whip (venom)
rCold    + . .     Gourm    .   (no shield)
rNeg     + + +     Faith    .   G - +2 robe
rPois    ∞         Spirit   .   E - +0 helmet
rElec    .         Reflect  .   D - +0 cloak
rCorr    .         Harm     .   (no gloves)
MR       +....                  (no boots)
Stlth    +.........             (no amulet)
HPRegen  0.00/turn              f - ring of protection from magic
MPRegen  0.16/turn              K - ring of Due Proportion {*Corrode Str+3 Int+4 Dex-4 Slay+3}

@: frozen ramparts, very slightly contaminated, rotting
A: rotting body, claws 1, carnivore, cold resistance 1, negative energy
resistance 3, inhibited regeneration, torment resistance, unbreathing
a: Renounce Religion


You were on level 8 of the Dungeon.
You worshipped Vehumet.
Vehumet was noncommittal.
You were not hungry.

You visited 2 branches of the dungeon, and saw 10 of its levels.
You also visited: Sewer.

You collected 333 gold pieces.

Inventory:

Hand Weapons
 m - a +1 rapier of venom
 u - a +0 mace of protection
 z - a +1 whip of venom (weapon)
 I - a +2 flail of protection
Missiles
 j - 5 silver javelins
 p - 11 poisoned darts (quivered)
Armour
 a - a +0 robe
 D - a +0 cloak (worn)
 E - a +0 helmet (worn)
 F - a +0 cloak
 G - a +2 robe (worn)
Jewellery
 f - a ring of protection from magic (left claw)
 K - the ring of Due Proportion (right claw) {*Corrode Str+3 Int+4 Dex-4 Slay+3}
   (You found it on level 9 of the Dungeon)

   [ring of dexterity]

   It affects your strength (+3).
   It affects your intelligence (+4).
   It affects your dexterity (-4).
   It affects your accuracy and damage with ranged weapons and melee attacks
   (+3).
   It may corrode you when you take damage.
Wands
 t - a wand of iceblast (8)
 v - a wand of paralysis (9)
 A - a wand of disintegration (13)
Scrolls
 d - 3 scrolls of immolation {unknown}
 h - 3 scrolls of amnesia {unknown}
 i - 3 scrolls of fog {unknown}
 n - 4 scrolls of teleportation
 o - 2 scrolls of blinking
 q - 2 scrolls of fear {unknown}
 r - a scroll of enchant armour {unknown}
 s - a scroll of remove curse
 w - a scroll of brand weapon
 y - a scroll of magic mapping {unknown}
 B - a scroll of enchant weapon {unknown}
 C - a scroll of random uselessness
Potions
 b - 2 potions of curing {unknown}
 e - 3 potions of flight
 g - 2 potions of brilliance
 k - 2 potions of mutation {unknown}
 l - 2 potions of might
 H - 2 potions of ambrosia {unknown}
 J - a potion of heal wounds {unknown}
Comestibles
 c - 7 rations
 x - 3 chunks of flesh


   Skills:
 + Level 4.0 Dodging
 - Level 2.1 Stealth
 + Level 7.2 Spellcasting
 + Level 9.7 Ice Magic


You had 10 spell levels left.
You knew the following spells:

 Your Spells              Type           Power        Failure   Level  Hunger
a - Freeze                Ice            ####         1%          1    None
b - Frozen Ramparts       Ice            #####.       1%          3    ##.....
c - Summon Ice Beast      Ice/Summ       ###.....     16%         4    ####...
d - Hailstorm             Conj/Ice       ###.....     16%         4    ####...

Your spell library contained the following spells:

 Spells                   Type           Power        Failure   Level  Hunger
 Ensorcelled Hibernation  Hex/Ice        ###...       2%          2    None
 Ozocubu's Armour         Chrm/Ice       ###.....     4%          3    ##.....
 Corona                   Hex            #......      12%         1    None
 Confusing Touch          Hex            #.......     34%         3    ##.....
 Dazzling Flash           Conj/Hex       #.....       34%         3    ##.....
 Tukima's Dance           Hex            #.......     34%         3    ##.....


Dungeon Overview and Level Annotations

Branches:
Dungeon (9/15)             Temple (1/1) D:4           Sewer (visited)
   Lair: D:8-11         Orc: D:9-12

Altars:
Ashenzari
Cheibriados
Dithmenos
Elyvilon
Fedhas
Gozag
Hepliaklqana
Kikubaaqudgha
Makhleb
Nemelex Xobeh
Okawaru
Qazlal
Ru
Trog
Uskayaw
Vehumet
Wu Jian
Xom
Yredelemnul
Zin
The Shining One

Annotations:
D:6 Dowan, Duvessa, Prince Ribbit


Innate Abilities, Weirdness & Mutations

Your body is rotting away.
You thrive on raw meat.
You are immune to poison.
You have sharp fingernails.
You are carnivorous and can eat meat at any time.
Your flesh is cold resistant. (rC+)
You are immune to negative energy. (rN+++)
You do not regenerate when monsters are visible.
You are immune to unholy pain and torment.
You can survive without breathing.


Message History

The centaur wields a +0 shortbow.
The centaur shoots an arrow.
The arrow barely misses you.
The wall freezes the bullfrog!
You kill the bullfrog!
Vehumet accepts your kill.
Eat one of 3 chunks of flesh? (ye/n/q)
Okay, then.
Blink to where?
Press: ? - help, Dir - move target cursor You are very lightly contaminated with residual magic.
As you read the scroll of blinking, it crumbles to dust.
An ogre comes into view. It is wielding a +0 giant club.
The ogre shouts!
The wight completely resists.
The wall freezes the wight but do no damage.
Unknown command.
The wight hits you with a +0 mace!
* * * LOW HITPOINT WARNING * * *
The wall freezes the worker ant.
The wall freezes the crimson imp.
The wall freezes the worker ant.
The wight hits you with a +0 mace!
You die...

#..c.. #...az #.....
## #...# .#
#..#..z###########..#
#.....c.............#
#......5a...........#
##....§#..z.....#####
#######.>@##O..#
#...##...#
#...#......
#...#........
########'###.......
##.....##..##.......
#..........# ........
#..........###### ..#
##.....##..##...##..


You could see a centaur, a worker ant, 2 wights and a crimson imp.

Vanquished Creatures
  Pikel (D:4)
  Edmund (D:6)
  An orc warrior (D:7)
  3 slaves (D:4)
  2 centaurs
  A crocodile (Sewer)
  Blork the orc (D:6)
  2 big kobolds
  2 bullfrogs
  A scorpion (D:4)
  A howler monkey (D:7)
  A crimson imp (D:5)
  A centaur zombie (D:9)
  A quasit (D:8)
  3 hounds
  2 bullfrog skeletons
  2 orc priests (D:5)
  Crazy Yiuf (D:4)
  An orc wizard (D:6)
  Jessica (D:2)
  2 iguanas
  6 worker ants
  A hound zombie (D:5)
  2 hound skeletons
  Robin (D:4)
  11 adders
  3 river rats (D:5)
  A shadow imp (D:8)
  2 oozes
  2 worms (D:3)
  4 dart slugs
  4 leopard geckos
  21 orcs
  4 giant cockroaches
  16 goblins
  13 hobgoblins
  22 jackals
  13 kobolds
  A quokka (D:7)
  4 bats (D:3)
  5 frilled lizards
  A quokka skeleton (D:5)
  6 rats
174 creatures vanquished.

Notes
Turn   | Place    | Note
-------+----------+-------------------------------------------
     0 | D:1      | BlaiseRascal the Ghoul Ice Elementalist began the quest for
                  | the Orb.
     0 | D:1      | Reached XP level 1. HP: 14/14 MP: 2/2
   379 | D:1      | Reached XP level 2. HP: 20/20 MP: 1/3
   678 | D:1      | Reached skill level 5 in Ice Magic
   768 | D:1      | Reached XP level 3. HP: 24/26 MP: 0/5
  1486 | D:2      | Found a shadowy altar of Dithmenos.
  1504 | D:2      | Learned a level 3 spell: Frozen Ramparts
  1629 | D:2      | Noticed Jessica
  1651 | D:2      | Found a snail-covered altar of Cheibriados.
  1885 | D:2      | Reached XP level 4. HP: 24/32 MP: 2/6
  1894 | D:2      | Found a shattered altar of Ashenzari.
  2595 | D:3      | Reached XP level 5. HP: 33/38 MP: 4/8
  3272 | D:2      | Killed Jessica
  3272 | D:2      | Reached skill level 6 in Ice Magic
  3612 | D:4      | Reached XP level 6. HP: 31/45 MP: 6/10
  3907 | D:4      | Noticed a slave
  3908 | D:4      | Noticed a slave
  3928 | D:4      | Killed a slave
  3944 | D:4      | You fall into a shaft and drop 3 floors!
  4157 | D:6      | Noticed Prince Ribbit
  4161 | D:6      | Noticed Edmund
  4186 | D:6      | Noticed Duvessa
  4186 | D:6      | Noticed Dowan
  4190 | D:6      | Noticed Blork the orc
  4260 | D:5      | Entered Level 5 of the Dungeon
  4272 | D:5      | Reached XP level 7. HP: 39/49 MP: 8/12
  4386 | D:5      | Reached skill level 7 in Ice Magic
  4647 | D:5      | Found a glowing drain.
  4687 | Sewer    | Entered a sewer
  4777 | Sewer    | Reached skill level 5 in Spellcasting
  5409 | D:4      | Reached XP level 8. HP: 43/57 MP: 9/14
  5568 | D:4      | Found a radiant altar of Vehumet.
  5568 | D:4      | Found an ornate altar of the Wu Jian Council.
  5569 | D:4      | Found an iron altar of Okawaru.
  5823 | D:4      | Noticed Robin
  5844 | D:4      | Killed Robin
  6088 | D:4      | Found a staircase to the Ecumenical Temple.
  6172 | Temple   | Entered the Ecumenical Temple
  6385 | D:4      | Found a runed translucent door.
  6386 | D:4      | Noticed Crazy Yiuf
  6397 | D:4      | Killed Crazy Yiuf
  6488 | D:4      | Noticed Pikel
  6549 | D:4      | Killed Pikel
  6549 | D:4      | Reached skill level 8 in Ice Magic
  7189 | D:5      | Learned a level 4 spell: Summon Ice Beast
  7228 | D:6      | Killed Blork the orc
  7294 | D:6      | Killed Edmund
  7294 | D:6      | Reached skill level 9 in Ice Magic
  7469 | D:6      | Reached XP level 9. HP: 55/62 MP: 14/17
  7731 | D:4      | Became a worshipper of Vehumet
  8704 | D:9      | Got a serpentine granite ring
  8708 | D:9      | Identified the cursed ring of Due Proportion {*Corrode
                  | Str+3 Int+4 Dex-4 Slay+3} (You found it on level 9 of the
                  | Dungeon)
  8715 | D:9      | Learned a level 4 spell: Hailstorm
  8780 | D:8      | Slain by a wight

Illustrated notes

Levels and vault maps discovered:
D:1:      lightli_arrival_maybe_door_vault, layout_rooms, minmay_heptomino_w4
D:2:      layout_basic, kennysheep_slug_shrine, ashenzari_altar_1,
          grunt_dithmenos_smoke_and_mirrors, uniq_jessica
D:3:      layout_rooms, first_ration
D:4:      kennysheep_goblin_castle, layout_loops_ring,
          nicolae_overflow_hidden_temple, minmay_temple_entry_enclosed_plants,
          grunt_ministairs_10, uniq_crazy_yiuf_cottage, uniq_pikel
D:5:      layout_gridville, gup_sewer_entry_spiral
D:6:      layout_basic, led_sif_pool, grunt_decor_fettered, lemuel_old_faithful,
          uniq_duvessa, uniq_edmund, uniq_prince_ribbit1, uniq_blork_the_orc
D:7:      layout_rooms, kennysheep_generic_room_12
D:8:      gammafunk_jiyva_shrine, layout_gridville, serial_shops,
          nicolae_shop_statue_plus, shop
D:9:      minmay_inner_zag, layout_basic, dpeg_oklobed_lair, uniq_psyche,
          uniq_grum
Temple:   regret_index_temple_sphere_string

Skill      XL: |  1  2  3  4  5  6  7  8  9 |
---------------+----------------------------+-----
Dodging        | 2 3 4 |  4.0
Spellcasting   | 2 3 4 5 6 7 |  7.2
Ice Magic      | 5 6 7 9 |  9.7
Stealth        | |  2.1

Action                   |  1- 3 |  4- 6 |  7- 9 || total
-------------------------+-------+-------+-------++-------
Melee: Unarmed           |    58 |       |       ||    58
       Rapier            |       |   106 |    33 ||   139
       Whip              |       |       |   134 ||   134
Throw: Dart              |       |     1 |    12 ||    13
       Javelin           |       |     1 |       ||     1
 Cast: Freeze            |    63 |    19 |    23 ||   105
       Frozen Ramparts   |       |    14 |    43 ||    57
       Hailstorm         |       |       |     2 ||     2
  Use: Scroll            |       |     6 |     6 ||    12
       Potion            |       |       |     1 ||     1
 Stab: Sleeping          |       |     3 |       ||     3
  Eat: Chunk             |    11 |    13 |    33 ||    57
Armor: Robe              |    15 |    34 |    61 ||   110
Dodge: Dodged            |    68 |    98 |   162 ||   328
